 Dungeon Crawl Stone Soup version 0.31.0-11-ge490571c62 (webtiles) character file.

Game seed: 3915940915531166422

9 browni3141 the Conjurer (level 2, -1/19 HPs)
             Began as a Demonspawn Conjurer on Jan 30, 2024.
             Slain by a kobold
             ... wielding a +0 whip
              (3 damage)
             ... on level 1 of the Dungeon.
             The game lasted 00:00:14 (327 turns).

browni3141 the Conjurer (Demonspawn Conjurer)        Turns: 327, Time: 00:00:15

Health: -1/19      AC:  3    Str:  7    XL:     2   Next: 3%
Magic:  1/5        EV: 12    Int: 18    God:
Gold:   33         SH:  0    Dex: 11    Spells: 4/5 levels left

rFire   . . .        (no weapon)
rCold   . . .        (no shield)
rNeg    . . .        a - +0 robe
rPois   .            (no helmet)
rElec   .            (no cloak)
rCorr   .            (no gloves)
SInv    .            (no boots)
Will    .....        (no amulet)
Stlth   ++           (no ring)
HPRegen 0.23/turn    (no ring)
MPRegen 0.09/turn

%: no passive effects
@: no status effects
A: sharp scales 1
a: no special abilities


You were on level 1 of the Dungeon.
You visited 1 branch of the dungeon, and saw 1 of its levels.

You collected 33 gold pieces.

Inventory:

Armour
 a - a +0 robe (worn)
Scrolls
 c - a scroll of teleportation {unknown}
Potions
 b - a potion of magic


   Skills:
 + Level 2.0 Dodging
 + Level 2.0 Stealth
 + Level 2.1 Spellcasting
 + Level 4.1 Conjurations


You had 4 spell levels left.
You knew the following spells:

 Your Spells              Type           Power      Damage    Failure   Level
a - Magic Dart            Conj           64%        1d6       3%          1

Your spell library contained the following spells:

 Spells                   Type           Power      Damage    Failure   Level
 Searing Ray              Conj           32%        2d5       4%          2
 Fulminant Prism          Conj/Alch      4%         3d5       58%         4
 Iskenderun's Mystic Bla  Conj/Tloc      9%         2d4       58%         4


Dungeon Overview and Level Annotations

Branches:
Dungeon (1/15)

Altars:

Shops:
D:1 :


Innate Abilities, Weirdness & Mutations

You are partially covered in razor-sharp scales. (AC +1, Slay +1)


Message History

You see here a +2 hand axe of freezing.
You now have 5 gold pieces.
You now have 24 gold pieces (gained 19).
An endoplasm comes into view.
An endoplasm is nearby!
An endoplasm is nearby!
An endoplasm is nearby!
The magic dart hits the endoplasm.
The endoplasm is almost dead.
The endoplasm quivers.
The magic dart hits the endoplasm.
You kill the endoplasm!
You can't see any susceptible monsters within range! (Use Z to cast anyway.)
You can't see any susceptible monsters within range! (Use Z to cast anyway.)
Found a stone staircase leading down.
An endoplasm comes into view.
The endoplasm quivers.
An endoplasm is nearby!
The magic dart hits the endoplasm.
The endoplasm is heavily wounded.
The magic dart hits the endoplasm.
You kill the endoplasm!
You can't see any susceptible monsters within range! (Use Z to cast anyway.)
An endoplasm comes into view.
An endoplasm is nearby!
An endoplasm is nearby!
The magic dart hits the endoplasm.
You kill the endoplasm!
You can't see any susceptible monsters within range! (Use Z to cast anyway.)
You can't see any susceptible monsters within range! (Use Z to cast anyway.)
You can't see any susceptible monsters within range! (Use Z to cast anyway.)
You now have 33 gold pieces (gained 9).
Found a stone staircase leading down.
There is a stone staircase leading down here.
Found Coadil's Book Shop.
A frilled lizard comes into view.
The magic dart hits the frilled lizard.
You kill the frilled lizard!
You can't see any susceptible monsters within range! (Use Z to cast anyway.)
You can't see any susceptible monsters within range! (Use Z to cast anyway.)
There is an entrance to Coadil's Book Shop here.
You see here a frilled lizard corpse.
An endoplasm comes into view.
An endoplasm is nearby!
An endoplasm is nearby!
The magic dart hits the endoplasm.
The endoplasm is severely wounded.
The endoplasm quivers.
The magic dart hits the endoplasm.
The endoplasm is almost dead.
The magic dart hits the endoplasm.
You kill the endoplasm!
Your Dodging skill increases to level 2!
Your Stealth skill increases to level 2!
A jackal comes into view.
A jackal is nearby!
You miscast Magic Dart.
You are very lightly contaminated with residual magic.
Nothing appears to happen.
The magic dart hits the jackal.
The jackal is heavily wounded.
A kobold comes into view. It is wielding a +0 whip.
The magic dart hits the jackal.
The jackal is almost dead.
The kobold shouts!
You are out of magic!
A jackal comes into view.
Your magical contamination has completely faded away.
The jackal barks!
You are out of magic!
The jackal attacks as it pursues you! The jackal closely misses you.
The jackal misses you.
The magic dart hits the jackal.
You kill the jackal!
You have reached level 2!
Your demonic ancestry asserts itself...
Sharp scales grow over part of your body.
The jackal bites you. The jackal barely misses you. The jackal bites you.
The jackal barely misses you.
A kobold comes into view. It is wielding a +0 sling.
The kobold throws a stone.
The stone barely misses you. The jackal bites you.
The jackal bites you but does no damage.
The jackal bites you. The kobold barely misses you.
The jackal barely misses you. The jackal closely misses you.
The kobold hits you with a +0 whip. The jackal barely misses you.
The kobold barely misses you. The jackal bites you.
The kobold hits you with a +0 whip. The jackal misses you.
The jackal closely misses you. The kobold barely misses you.
The jackal bites you. The kobold closely misses you.
The jackal barely misses you. The jackal bites you.
The kobold hits you with a +0 whip. The jackal barely misses you.
The kobold misses you. The jackal closely misses you.
The kobold unwields a +0 sling.
The kobold wields a +0 club.
The kobold hits you but does no damage. The kobold barely misses you.
The jackal misses you.
The jackal bites you but does no damage.
The kobold hits you with a +0 whip.
You die...

.. #..........##.....# #
#.###........####....#
##########.................(..#
........#####......###...#....#
.........####.#..#.#...#.#....#
..............##.....##..#....###
.....^.....#....>........#.......
...............KhK...##..........
..............##@.#.....#........
.≈≈≈.≈≈≈...#.##...#....###.......
≈≈.....≈≈.....................[..
≈....8..≈≈.....###..#..###.......
.........≈≈....# #.#..## #.......
....♣.....≈.#### #...## #.......
.8..[.....≈.# #.### #.......
.♣..<.8..≈≈.# #.# ##.#####
≈.......≈≈..# #.# ##.#


You could see a jackal and 2 kobolds.

Vanquished Creatures
  5 endoplasms (D:1)
  A jackal (D:1)
  A frilled lizard (D:1)
7 creatures vanquished.

Notes
Turn   | Place    | Note
-------+----------+-------------------------------------------
     0 | D:1      | browni3141 the Demonspawn Conjurer began the quest for the
                  | Orb.
     0 | D:1      | Reached XP level 1. HP: 13/13 MP: 3/3
   200 | D:1      | Found Coadil's Book Shop.
   312 | D:1      | Gained mutation: You are partially covered in razor-sharp
                  | scales. (AC +1, Slay +1) [demonic ancestry]
   312 | D:1      | Reached XP level 2. HP: 19/19 MP: 0/5
   327 | D:1      | Slain by a kobold

Illustrated notes

Levels and vault maps discovered:
D:1:      moated_graveyard_arrival, layout_rooms, serial_shops, shop

Skill      XL: |  1 |
---------------+----+-----
Dodging        | 2 |  2.0
Stealth        | 2 |  2.0
Spellcasting   | |  2.1
Conjurations   | |  4.1

Action                     || total
---------------------------++-------
   Cast: Magic Dart        ||    14
 Armour: Robe              ||    14
  Dodge: Dodged            ||    20
